 Dungeon Crawl Stone Soup version 0.25-a0-310-g60f0ac2d9a (webtiles) character file.

Game seed: 6635664732132738358, levelgen mode: classic

242 Borgoz the Cutter (level 6, 0/38 HPs)
             Began as a Kobold Gladiator on Dec 23, 2019.
             Slain by an ogre
             ... wielding a +0 giant club
              (22 damage)
             ... on level 4 of the Dungeon.
             The game lasted 00:03:09 (3371 turns).

Borgoz the Cutter (Kobold Gladiator)                Turns: 3371, Time: 00:03:09

Health: 0/38       AC:  8    Str: 13    XL:     6   Next: 31%
Magic:  6/6        EV: 16    Int:  9    God:
Gold:   137        SH:  0    Dex: 17    Spells: 5/5 levels left

rFire    . . .     SeeInvis .   a - +0 rapier
rCold    . . .     Gourm    .   (shield restricted)
rNeg     . . .     Faith    .   k - +0 ring mail (curse)
rPois    .         Spirit   .   c - +0 helmet
rElec    .         Reflect  .   (no cloak)
rCorr    .         Harm     .   y - +1 pair of gloves
MR       .....                  (no boots)
Stlth    +.........             (no amulet)
HPRegen  0.12/turn              (no ring)
MPRegen  0.10/turn              (no ring)

@: no status effects
A: small, carnivore
a: no special abilities


You were on level 4 of the Dungeon.
You were completely stuffed.

You visited 1 branch of the dungeon, and saw 4 of its levels.

You collected 137 gold pieces.

Inventory:

Hand Weapons
 a - a +0 rapier (weapon)
Missiles
 d - 2 throwing nets (quivered)
Armour
 c - a +0 helmet (worn)
 k - a cursed +0 ring mail (worn)
 q - a +1 scale mail of cold resistance
 y - a +1 pair of gloves (worn)
Scrolls
 e - a scroll of amnesia {unknown}
 j - 3 scrolls of remove curse {unknown}
 n - 2 scrolls of identify {unknown}
 o - a scroll of blinking {unknown}
 r - a scroll of magic mapping {unknown}
 s - 2 scrolls of teleportation {unknown}
 x - 4 scrolls of enchant weapon {unknown}
 z - 2 scrolls of fear {unknown}
 A - a scroll of random uselessness {unknown}
Potions
 g - a potion of brilliance {unknown}
 h - 3 potions of degeneration {unknown}
 l - 3 potions of might {unknown}
 m - 3 potions of heal wounds {unknown}
 p - a potion of berserk rage {unknown}
 t - a potion of cancellation {unknown}
 u - a potion of ambrosia {unknown}
 v - a potion of magic {unknown}
 w - a potion of mutation {unknown}
Comestibles
 f - 4 rations


   Skills:
 * Level 3.8 Fighting
 * Level 5.5 Short Blades
 - Level 2.1 Throwing
 * Level 2.1 Armour
 * Level 5.0 Dodging
 - Level 0.1 Stealth


You had 5 spell levels left.
You didn't know any spells.
Your spell library was empty.

Dungeon Overview and Level Annotations

Branches:
Dungeon (4/15)
 Temple: D:4-7

Altars:


Innate Abilities, Weirdness & Mutations

You are small and have problems with some larger weapons.
You are carnivorous and can eat meat at any time.


Message History

The orc is heavily wounded.
The orc misses you.
You puncture the orc!
You kill the orc!
The ogre closely misses you.
There is an open door, spattered with blood here.
Items here: )) [[ †† You hit the ogre.
The ogre is lightly wounded.
The ogre hits you with a +0 giant club!
You hit the ogre.
The ogre is moderately wounded.
The ogre completely misses you.
You hit the ogre.
The ogre is moderately wounded.
You hit the ogre.
The ogre is heavily wounded.
The ogre hits you with a +0 giant club!!
Ouch! That really hurt!
You die...

#.#.#.# +##...#..
........# ........#
...... ........# ........
........# ........
..$.....###### .........
.......O@....# #.........
........####.###.........
........# #.#...........
........# #..^..........
........# ###.#........<
...###### #.#[........
### #.##.######' #......#
#. ######.# #.


You could see an ogre.

Vanquished Creatures
  An ogre (D:4)
  6 adders
  3 worms
  A dart slug (D:2)
  2 leopard geckos
  5 orcs
  10 giant cockroaches
  12 goblins
  8 hobgoblins
  4 jackals (D:4)
  A quokka (D:3)
  A ball python (D:3)
  9 bats
  5 frilled lizards
  4 kobolds
  10 rats
82 creatures vanquished.

Notes
Turn   | Place    | Note
-------+----------+-------------------------------------------
     0 | D:1      | Borgoz the Kobold Gladiator began the quest for the Orb.
     0 | D:1      | Reached XP level 1. HP: 12/12 MP: 1/1
   368 | D:1      | Reached XP level 2. HP: 18/18 MP: 2/2
   750 | D:1      | Reached XP level 3. HP: 22/22 MP: 3/3
   880 | D:2      | Reached skill level 1 in Armour
  1275 | D:2      | Reached XP level 4. HP: 24/27 MP: 4/4
  2427 | D:3      | Reached XP level 5. HP: 31/32 MP: 5/5
  2448 | D:3      | Reached skill level 5 in Short Blades
  3124 | D:4      | Noticed an ogre
  3134 | D:4      | Killed an ogre
  3134 | D:4      | Reached skill level 5 in Dodging
  3134 | D:4      | Reached XP level 6. HP: 16/38 MP: 6/6
  3357 | D:4      | Noticed an ogre
  3371 | D:4      | Slain by an ogre

Levels and vault maps discovered:
D:1:      dpeg_arrival_shelter, layout_basic
D:2:      layout_basic, chequers_serial_rivers_room_a
D:3:      layout_basic
D:4:      layout_basic, first_ration, hangedman_abyss_or_decor_stagger,
          uniq_natasha, uniq_menkaure, uniq_ijyb, uniq_crazy_yiuf_cottage,
          uniq_robin

Skill      XL: |  1  2  3  4  5 |
---------------+----------------+-----
Dodging        | 4 5 |  5.0
Armour         | 1 2 |  2.1
Fighting       | 3 |  3.8
Short Blades   | 5 |  5.5
Throwing       | |  2.1
Stealth        | |  0.1

Action                   |  1- 3 |  4- 6 || total
-------------------------+-------+-------++-------
Melee: Rapier            |   120 |   177 ||   297
Throw: Throwing net      |       |     1 ||     1
  Use: Scroll            |       |     1 ||     1
 Stab: Held in net/web   |       |     1 ||     1
  Eat: Chunk             |    10 |     6 ||    16
Armor: Leather armour    |    10 |       ||    10
       Ring mail         |    24 |    43 ||    67
Dodge: Dodged            |    97 |   133 ||   230

Table legend:
 A = Non-vault XP
 B = Vault XP
 C = Vault XP percentage of total XP
 D = Non-vault monster count
 E = Vault monster count
 F = Vault count percentage of total count
                 A         B        C        D         E       F
            +---------+---------+-------+---------+---------+-------
      Total |     347 |       0 |   0.0 |      82 |       0 |   0.0
            +---------+---------+-------+---------+---------+-------
        D:1 |      31 |       0 |   0.0 |      20 |       0 |   0.0
        D:2 |      75 |       0 |   0.0 |      28 |       0 |   0.0
        D:3 |      97 |       0 |   0.0 |      27 |       0 |   0.0
        D:4 |     144 |       0 |   0.0 |       7 |       0 |   0.0
            +---------+---------+-------+---------+---------+-------
